 Dungeon Crawl Stone Soup version 0.21.1-1-g345015f (webtiles) character file.

1744 Kairos the Chopper (level 9, -4/46 HPs)
             Began as a Vine Stalker Fighter on Apr 28, 2018.
             Was a Follower of Okawaru.
             Splashed by Pikel's acid (12 damage)
             ... on level 5 of the Dungeon.
             The game lasted 00:08:35 (4128 turns).

Kairos the Chopper (Vine Stalker Fighter)           Turns: 4128, Time: 00:08:37

Health: -4/46      AC:  7    Str: 24    XL:     9   Next: 6%
Magic:  0/10       EV: 10    Int:  8    God:    Okawaru [*.....]
Gold:   242        SH: 10    Dex: 14    Spells: 8/8 levels left

rFire    + . .     SeeInvis .   a - +0 war axe
rCold    . . .     Gourm    .   c - +0 shield
rNeg     . . .     Faith    .   t - +1 ring mail {MR+}
rPois    .         Spirit   +   (no helmet)
rElec    .         Reflect  .   (no cloak)
rCorr    .         Harm     .   (no gloves)
MR       ++...                  (no boots)
Stlth    +.........             (no amulet)
HPRegen  0.55/turn              A - ring of protection from fire
MPRegen  0.12/turn              z - +2 ring of strength

@: no status effects
A: fangs 3, regeneration 1, magic shield, antimagic bite, no potion heal 3, rot
immunity
a: Heroism, Renounce Religion


You were on level 5 of the Dungeon.
You worshipped Okawaru.
Okawaru was aware of your devotion.
You were not hungry.

You visited 2 branches of the dungeon, and saw 6 of its levels.

You collected 242 gold pieces.

Inventory:

Hand Weapons
 a - a +0 war axe (weapon)
 r - a +0 morningstar
 x - a +1 flail of protection
Armour
 b - a +0 scale mail
 c - a +0 shield (worn)
 t - a +1 ring mail of magic resistance (worn)
Jewellery
 h - an uncursed ring of fire
 z - a +2 ring of strength (right hand)
 A - a ring of protection from fire (left hand)
Wands
 v - a wand of random effects (31)
Scrolls
 j - 5 scrolls of teleportation
 k - 3 scrolls of magic mapping {unknown}
 m - 2 scrolls of fear {unknown}
 n - a scroll of fog
 o - 2 scrolls of enchant weapon {unknown}
 q - 4 scrolls of identify {unknown}
 u - a scroll of amnesia {unknown}
 y - 3 scrolls of enchant armour {unknown}
Potions
 d - 2 potions of might
 e - a potion of agility
 g - 2 potions of curing
 i - 2 potions of brilliance {unknown}
 l - a potion of haste {unknown}
 p - a potion of heal wounds {unknown}
 s - a potion of lignification {unknown}
 w - a potion of ambrosia {unknown}
 B - a potion of mutation {unknown}
Comestibles
 f - 12 rations


   Skills:
 + Level 4.8 Fighting
 + Level 7.1 Axes
 + Level 4.6 Armour
 + Level 2.2 Dodging
 + Level 0.8 Stealth
 + Level 4.6 Shields


You had 8 spell levels left.
You didn't know any spells.

Dungeon Overview and Level Annotations

Branches:
Dungeon (5/15)             Temple (1/1) D:4

Altars:
Ashenzari
Cheibriados
Fedhas
Gozag
Kikubaaqudgha
Makhleb
Nemelex Xobeh
Okawaru
Qazlal
Trog
Uskayaw
Wu Jian
Xom
Yredelemnul
Zin
The Shining One

Annotations:
D:5 Pikel


Innate Abilities, Weirdness & Mutations

You have razor-sharp teeth.
Your natural rate of healing is unusually fast.
When hurt, damage is shared between your health and your magic reserves.
Your bite disrupts and absorbs the magic of your enemies.
Potions cannot restore your health.
You are immune to rotting.


Message History

You miss Pikel.
Pikel is lightly wounded.
You block Pikel's attack.
You barely miss Pikel. Your bite misses Pikel.
Pikel is lightly wounded.
Pikel hits you but does no damage.
You closely miss Pikel. You bite Pikel! You drain his power.
Pikel is moderately wounded.
Pikel zaps a wand.
The bolt of acid hits you!
You are splashed with acid!
The acid burns!
It is a wand of acid (7).
Pikel barely misses you.
You closely miss Pikel. Your bite misses Pikel.
Pikel is moderately wounded.
Pikel hits you with a whip of flaming.
You hit Pikel but do no damage. You bite Pikel. You drain his power.
You feel invigorated.
Pikel is heavily wounded.
Pikel zaps a wand.
The bolt of acid hits you!
* * * LOW HITPOINT WARNING * * *
You are splashed with acid!
The acid burns!
You die...

####..............# ###......#
#..........##..#..##### #.......
#..........##.....(...# ##.######
#.........###.##...##.# #..#
#.........#...##.#.##(###.####
#.....###....###.#.).........####
#.....# ##.#.###..#..............
#.....# #..#..###.............##.
#.....###.###ppK@...#.###........
########..########..#.######.##..
#.###...##...#..#####.##..
#.##..........#.......##.#
#.#......<................
#.#..><<........##.###..##
#.#....................##
#.##...............#####
##.###...##......#....##


You could see Pikel and 2 slaves.

Vanquished Creatures
  The ghost of troglodite the Skirmisher, an amateur DsBe of Trog (D:3)
  The ghost of Eltigrechino the Firebug, an amateur DEFE (D:4)
  Eustachio (D:4)
  Edmund (D:4)
  2 slaves (D:4)
  3 sky beasts (D:5)
  A phantom (D:4)
  A centaur (D:2)
  Blork the orc (D:5)
  A scorpion (D:5)
  A centaur zombie (D:5)
  A crimson imp (D:5)
  A hound (D:5)
  A jelly (D:5)
  3 orc priests
  2 orc wizards (D:3)
  2 bullfrog skeletons (D:5)
  An iguana (D:5)
  A worker ant (D:5)
  A worker ant zombie (D:5)
  5 adders
  3 gnolls (D:5)
  A shadow imp (D:5)
  4 worms
  7 dart slugs
  4 leopard geckos
  11 orcs
  6 bats
  7 giant cockroaches
  9 goblins
  8 hobgoblins
  A quokka (D:4)
  A ball python (D:1)
  3 frilled lizards
  8 kobolds
  A leopard gecko skeleton (D:5)
  2 quokka skeletons (D:5)
  7 rats
115 creatures vanquished.

Notes
Turn   | Place    | Note
-------+----------+-------------------------------------------
     0 | D:1      | Kairos the Vine Stalker Fighter began the quest for the Orb.
     0 | D:1      | Reached XP level 1. HP: 11/11 MP: 2/2
   134 | D:1      | Reached XP level 2. HP: 13/16 MP: 1/3
   231 | D:1      | Reached skill level 2 in Axes
   333 | D:1      | Reached XP level 3. HP: 20/20 MP: 4/4
   740 | D:2      | Noticed a centaur
   753 | D:2      | Killed a centaur
   753 | D:2      | Reached skill level 3 in Axes
   753 | D:2      | Gained mutation: Your natural rate of healing is unusually fast. [Vine Stalker growth]
   753 | D:2      | Reached XP level 4. HP: 12/24 MP: 3/5
   753 | D:2      | Reached XP level 5. HP: 14/28 MP: 3/6
   910 | D:2      | Found a faded altar of an unknown god.
  1095 | D:2      | Found a blossoming altar of Fedhas.
  1297 | D:3      | Noticed troglodite's ghost (amateur DsBe)
  1872 | D:3      | Reached skill level 4 in Axes
  1872 | D:3      | Reached XP level 6. HP: 9/32 MP: 7/7
  2243 | D:3      | Reached skill level 1 in Dodging
  2397 | D:3      | Found a bloodstained altar of Trog.
  2529 | D:3      | Killed troglodite's ghost
  2529 | D:3      | Reached XP level 7. HP: 16/36 MP: 4/8
  2549 | D:3      | Found an ornate altar of the Wu Jian Council.
  2650 | D:4      | Found a sparkling altar of Nemelex Xobeh.
  2730 | D:4      | Noticed Eltigrechino's ghost (amateur DEFE)
  2741 | D:4      | Killed Eltigrechino's ghost
  2741 | D:4      | Reached skill level 5 in Axes
  2794 | D:4      | Noticed Edmund
  2825 | D:4      | Killed Edmund
  2846 | D:4      | Gained mutation: You have razor-sharp teeth. [Vine Stalker growth]
  2846 | D:4      | Reached XP level 8. HP: 42/42 MP: 9/9
  2878 | D:4      | Found a staircase to the Ecumenical Temple.
  2959 | Temple   | Entered the Ecumenical Temple
  2998 | Temple   | Became a worshipper of Warmaster Okawaru
  3029 | D:4      | Noticed Eustachio
  3043 | D:4      | Killed Eustachio
  3043 | D:4      | Reached skill level 6 in Axes
  3174 | D:5      | Entered Level 5 of the Dungeon
  3236 | D:5      | Reached * piety under Okawaru
  3482 | D:5      | Noticed Blork the orc
  3489 | D:5      | Killed Blork the orc
  3525 | D:5      | Reached skill level 7 in Axes
  3525 | D:5      | Reached XP level 9. HP: 44/46 MP: 10/10
  3730 | D:5      | Noticed Pikel
  4128 | D:5      | Splashed by Pikel's acid

Skill      XL: |  1  2  3  4  5  6  7  8 |
---------------+-------------------------+-----
Axes           | 2 3 4 5 7 |  7.1
Fighting       | 3 4 |  4.8
Shields        | 3 4 |  4.6
Armour         | 3 4 |  4.6
Dodging        | 1 2 |  2.2
Stealth        | |  0.8

Action                   |  1- 3 |  4- 6 |  7- 9 || total
-------------------------+-------+-------+-------++-------
Melee: War axe           |    80 |   152 |   197 ||   429
       Bite              |     9 |    49 |    72 ||   130
  Use: Potion            |       |     3 |       ||     3
       Scroll            |       |       |     2 ||     2
  Eat: Chunk             |       |     5 |     4 ||     9
       Ration            |       |       |     1 ||     1
Armor: Scale mail        |    20 |    44 |       ||    64
       Ring mail         |       |     5 |    59 ||    64
Dodge: Dodged            |    26 |    39 |    68 ||   133
Block: Shield            |    48 |    59 |   112 ||   219
